AoeStats
← YoSoyDroga

Arabia

509783029Analyzed
1v1 RM · 4d ago on Sep 28, 2026· 20m 59s· 2 players
Game mode
Random Map
Map size
Tiny (2 player)
Population
200
Speed
Normal
Resources
Standard
Victory
Conquest
Starting age
Dark Age
Ending age
Imperial Age
RankedLock teamsTeams togetherTeam positionsShared explorationLock speedFull tech treeHidden civsTurbo modeCheats
Victory
Defeat
🇲🇽 Italians · Mexico
865
+17
🇨🇱 Ethiopians · Chile
878
-36
YoSoyDroga
8:16 Loom
10:27 Feudal Age
8:42 Loom
15:38 Castle Age
13:33 Double-Bit Axe
15:36 Stone Mining
15:33 Horse Collar
16:40 Gold Mining
17:03 Fletching
19:40 Ballistics
21:20 Padded Archer Armor
Bakumian
11:29 Feudal Age
12:04 Double-Bit Axe
17:13 Horse Collar
20:19 Castle Age
18:46 Fletching
18:52 Gold Mining
19:29 Padded Archer Armor
19:21 Loom
20:11 Wheelbarrow
20:26 Crossbowman
21:17 Thumb Ring
Connection lost

Rejoining the realm…

Still unreachable

The connection could not be restored.

Session expired

The server has moved on; the page needs a fresh start.